 Dungeon Crawl Stone Soup version 0.15.0 (webtiles) character file.

99 Patate the Skirmisher (level 4, 0/30 HPs)
             Began as a Gargoyle Fighter on Aug 29, 2014.
             Was an Initiate of Trog.
             Killed from afar by Ijyb (7 damage)
             ... with a wand of frost
             ... on Level 3 of the Dungeon.
             The game lasted 00:07:15 (2079 turns).

Patate the Skirmisher (Gargoyle Fighter)            Turns: 2079, Time: 00:07:15

HP   0/30        AC 11     Str 26      XL: 4   Next: 72%
MP   4/4         EV  7     Int  8      God: Trog [......]
Gold 55          SH 10     Dex  9      Spells:  0 memorised,  3 levels left

rFire  . . .     SeeInvis .     a - +0 flail
rCold  . . .     Clarity  .     b - +0 scale mail
rNeg   + . .     rCorr    .     c - +0 shield
rPois  +         rRot     +     l - +0 helmet
rElec  +         Spirit   .     (no cloak)
SustAb .         Warding  .     (no gloves)
rMut   .         Stasis   .     (no boots)
Gourm  .                        (no amulet)
MR     .....                    (no ring)
                                (no ring)

@: mighty, not resistant to hostile enchantments, extremely unstealthy
A: negative energy resistance 1, electricity resistance, unbreathing,
petrification resistance, rot immunity, AC +3
a: Burn Spellbooks, Renounce Religion


You were on level 3 of the Dungeon.
You worshipped Trog.
Trog was noncommittal.
You were not hungry.

You visited 1 branch of the dungeon, and saw 3 of its levels.

You collected 55 gold pieces.

Inventory:

Hand weapons
 a - a +0 flail (weapon)
Armour
 b - a +0 scale mail (worn)
 c - a +0 shield (worn)
 l - a +0 helmet (worn)
Comestibles
 d - a bread ration
 f - 2 meat rations
 p - a beef jerky
 r - a chunk of kobold flesh
Scrolls
 h - a scroll of noise {unknown}
 i - a scroll of enchant weapon {unknown}
 j - 3 scrolls of identify {unknown}
Potions
 e - a potion of might
 g - a potion of lignification {unknown}
 k - a potion of agility {unknown}
 m - 2 potions of resistance {unknown}
 q - a potion of heal wounds {unknown}


   Skills:
 * Level 4.5 Fighting
 + Level 2.6 Maces & Flails
 + Level 3.7 Armour
 + Level 4.0 Shields


You had 3 spell levels left.
You didn't know any spells.

Dungeon Overview and Level Annotations

Branches:
Dungeon (3/15)

Altars:
Trog

Annotations:
D:3 Ijyb


Innate Abilities, Weirdness & Mutations

You are resistant to torment.
You are immune to poison.
Your stone body is very resilient (AC +3).
You resist negative energy.
You are resistant to electric shocks.
You can survive without breathing.
You are immune to petrification.
You are immune to rotting.


Message History

You block Ijyb's attack.
You sock Ijyb!
Ijyb is moderately wounded.
You block Ijyb's attack.
Your shield prevents you from hitting Ijyb.
Ijyb is moderately wounded.
Ijyb hits you but does no damage.
Ijyb zaps a wand.
The puff of frost hits you!
* * * LOW HITPOINT WARNING * * *
You barely miss Ijyb.
Ijyb is moderately wounded.
Ijyb zaps a wand.
You block the puff of frost.
You hit Ijyb but do no damage.
Ijyb is moderately wounded.
Ijyb barely misses you.
You hit Ijyb.
Ijyb is heavily wounded.
Ijyb hits you.
* * * LOW HITPOINT WARNING * * *
Ijyb zaps a wand.
The puff of frost hits you!
You die...

... ..... ######.#. ###
# #.##......... ... .
#.........#.# ###.# ##
#.........#.# ...#...
#......g..#.# #.####
#......@..#.# ##.....
#.........#.######....#.
#.....###)#...........+.
......#...............#.
..... #...............#.
.... #...........######
.# #..%..............
###+#######.##.... #.#
###


You could see Ijyb.

Vanquished Creatures
  Jessica (D:3)
  2 adders (D:2)
  3 worms (D:2)
  2 giant geckos
  3 hobgoblins (D:1)
  2 jackals (D:2)
  5 kobolds
  A ball python (D:2)
  4 bats
  6 giant cockroaches
  5 giant newts
  7 goblins
  6 rats
47 creatures vanquished.

Notes
Turn   | Place    | Note
--------------------------------------------------------------
     0 | D:1      | Patate, the Gargoyle Fighter, began the quest for the Orb.
     0 | D:1      | Reached XP level 1. HP: 14/14 MP: 1/1
   173 | D:1      | Reached XP level 2. HP: 19/19 MP: 2/2
   618 | D:1      | Reached XP level 3. HP: 24/24 MP: 3/3
   693 | D:1      | Reached skill level 4 in Fighting
  1355 | D:2      | Reached XP level 4. HP: 26/29 MP: 4/4
  1413 | D:2      | Found a bloodstained altar of Trog.
  1606 | D:2      | Became a worshipper of Trog the Wrathful
  2053 | D:3      | Noticed Jessica
  2062 | D:3      | Killed Jessica
  2066 | D:3      | Noticed Ijyb
  2079 | D:3      | Killed from afar by Ijyb

Action                   |  1- 3 |  4- 6 || total
-------------------------+-------+-------++-------
Melee: Flail             |   119 |    68 ||   187
  Use: Potion            |       |     1 ||     1
  Eat: Chunk             |       |     4 ||     4
